 Dungeon Crawl Stone Soup version 0.21.1-1-g345015f (webtiles) character file.

1330 aspa the Cleaver (level 8, -1/71 HPs)
             Began as a Minotaur Berserker on Mar 4, 2018.
             Was a Priest of Trog.
             Slain by a wight
             ... wielding a +2 great sword of freezing
              (4 damage)
             ... on level 5 of the Dungeon.
             The game lasted 00:13:19 (5178 turns).

aspa the Cleaver (Minotaur Berserker)               Turns: 5178, Time: 00:13:21

Health: -1/71      AC:  6    Str: 23    XL:     8   Next: 34%
Magic:  7/7        EV: 12    Int:  4    God:    Trog [***...]
Gold:   183        SH:  0    Dex: 11    Spells: 7/7 levels left

rFire    . . .     SeeInvis .   a - +1 broad axe (chop)
rCold    . . .     Gourm    .   (no shield)
rNeg     . . .     Faith    .   z - +0 ring mail
rPois    .         Spirit   .   (helmet restricted)
rElec    .         Reflect  .   (no cloak)
rCorr    .         Harm     .   (no gloves)
MR       .....                  (no boots)
Stlth    ++........             B - amulet of regeneration
HPRegen  0.61/turn              (no ring)
MPRegen  0.10/turn              n - ring of stealth

@: berserk cooldown, slowed, drained, very slow
A: retaliatory headbutt, horns 2
a: Berserk, Trog's Hand, Burn Spellbooks, Renounce Religion


You were on level 5 of the Dungeon.
You worshipped Trog.
Trog was most pleased with you.
You were very full.

You visited 1 branch of the dungeon, and saw 6 of its levels.

You collected 183 gold pieces.

Inventory:

Hand Weapons
 a - a +1 broad axe of chopping (weapon)
 b - a +0 trident
 e - a +0 scythe
 q - a +0 war axe
Armour
 r - a +0 plate armour
 t - a +0 chain mail
 z - a +0 ring mail (worn)
Jewellery
 d - an uncursed amulet of the gourmand
 f - an uncursed ring of teleportation
 i - an uncursed amulet of magic regeneration
 l - an uncursed ring of magical power
 n - a ring of stealth (right hand)
 s - an uncursed ring of fire
 B - an amulet of regeneration (around neck)
Wands
 o - a wand of acid (5)
 y - a wand of random effects (54)
Scrolls
 g - a scroll of remove curse
 h - 7 scrolls of identify {unknown}
 k - a scroll of blinking
 m - 3 scrolls of fear {unknown}
 p - 2 scrolls of magic mapping {unknown}
 u - a scroll of fog {unknown}
Potions
 j - a potion of berserk rage {unknown}
 w - a potion of agility {unknown}
 x - a potion of mutation {unknown}
 A - a potion of heal wounds {unknown}
Comestibles
 c - 8 rations
 v - 3 chunks of flesh


   Skills:
 + Level 6.3(5.2) Fighting
 + Level 8.9(7.6) Axes
 + Level 6.3(5.1) Armour
 + Level 3.8(2.7) Dodging
 + Level 2.1(1.1) Stealth


You had 7 spell levels left.
You didn't know any spells.

Dungeon Overview and Level Annotations

Branches:
Dungeon (6/15)
 Temple: D:4-7

Altars:


Innate Abilities, Weirdness & Mutations

You reflexively headbutt those who attack you in melee.
You have a pair of horns on your head.


Message History

You hit the wight but do no damage. The wight barely misses you.
You slash the wight!
The wight is almost destroyed.
The wight hits you but does no damage.
The wight hits you with a great sword of freezing!
You feel drained.
* * * LOW HITPOINT WARNING * * *
The wight freezes you.
* * * LOW HITPOINT WARNING * * *
Evoke which item? (* to show all) (? for menu, Esc to quit)
Aiming: Corrosive Bolt
Press: ? - help, Shift-Dir - straight line, f - wight
Aim: a wight, wielding a great sword of freezing and wearing a robe (almost destroyed)
The bolt of acid misses the wight.
The wight hits you with a great sword of freezing!
* * * LOW HITPOINT WARNING * * *
You feel drained.
* * * LOW HITPOINT WARNING * * *
The wight freezes you.
You die...

## #### .#
#... ##.#..#
#.#.)# ##.@#
###.z## ####
#..)## ...#
#.#).# .#.#
#.##..# .#.#
#.# #z.# ...#
#.# #..#
.#.#########.#
#...
##...........#
####


You could see a wight.

Vanquished Creatures
  Sigmund (D:3)
  The ghost of MovingMist the Covered, an amateur GrFi (D:4)
  An orc warrior (D:3)
  2 ice beasts (D:5)
  A phantom (D:4)
  An ogre (D:5)
  3 crimson imps (D:5)
  A hound (D:5)
  An orc priest (D:4)
  A jelly (D:5)
  2 orc wizards
  Terence (D:3)
  An iguana (D:5)
  5 worker ants
  4 gnolls (D:5)
  A howler monkey skeleton (D:5)
  3 adders
  2 shadow imps (D:5)
  An adder zombie (D:5)
  3 worms
  2 leopard geckos
  12 orcs
  4 bats
  A giant cockroach (D:4)
  4 goblins
  4 hobgoblins
  11 jackals
  3 ball pythons
  4 frilled lizards
  11 kobolds
  8 rats
100 creatures vanquished.

Vanquished Creatures (others)
  4 toadstools (D:1)
4 creatures vanquished.

Grand Total: 104 creatures vanquished

Notes
Turn   | Place    | Note
-------+----------+-------------------------------------------
     0 | D:1      | aspa the Minotaur Berserker began the quest for the Orb.
     0 | D:1      | Reached XP level 1. HP: 19/19 MP: 0/0
   250 | D:1      | Reached XP level 2. HP: 15/27 MP: 1/1
   490 | D:1      | Reached skill level 4 in Axes
  1102 | D:2      | Found a faded altar of an unknown god.
  1321 | D:2      | Reached XP level 3. HP: 25/33 MP: 2/2
  1972 | D:3      | Reached ** piety under Trog
  2259 | D:3      | Noticed an orc warrior
  2572 | D:3      | Noticed Terence
  2834 | D:3      | Killed Terence
  2834 | D:3      | Reached XP level 4. HP: 41/41 MP: 3/3
  2854 | D:3      | Noticed Sigmund
  3196 | D:3      | Killed Sigmund
  3196 | D:3      | Reached skill level 5 in Fighting
  3196 | D:3      | Reached skill level 5 in Axes
  3196 | D:3      | Reached skill level 1 in Stealth
  3196 | D:3      | Reached XP level 5. HP: 48/48 MP: 4/4
  3274 | D:3      | Killed an orc warrior
  3274 | D:3      | Reached XP level 6. HP: 31/56 MP: 5/5
  4033 | D:4      | Noticed MovingMist's ghost (amateur GrFi)
  4037 | D:4      | Killed MovingMist's ghost
  4037 | D:4      | Reached skill level 6 in Axes
  4037 | D:4      | Reached skill level 5 in Armour
  4089 | D:4      | Reached XP level 7. HP: 42/61 MP: 6/6
  4381 | D:4      | Reached *** piety under Trog
  4652 | D:5      | Entered Level 5 of the Dungeon
  4809 | D:5      | Reached skill level 7 in Axes
  5056 | D:5      | Reached XP level 8. HP: 70/70 MP: 7/7
  5156 | D:5      | Reached skill level 8 in Axes
  5178 | D:5      | HP: 3/71 [wight/great sword of freezing (2)]
  5178 | D:5      | Slain by a wight

Skill      XL: |  1  2  3  4  5  6  7  8 |
---------------+-------------------------+-----
Fighting       | 4 5 6 |  6.3
Axes           | 4 5 6 7 8 |  8.9
Armour         | 3 4 5 6 |  6.3
Dodging        | 3 |  3.8
Stealth        | 1 2 |  2.1

Action                   |  1- 3 |  4- 6 |  7- 9 || total
-------------------------+-------+-------+-------++-------
Melee: Hand axe          |    55 |       |       ||    55
       Headbutt          |    12 |    12 |    10 ||    34
       War axe           |    30 |    23 |       ||    53
       Broad axe         |       |    16 |    71 ||    87
Invok: Berserk           |     1 |     3 |     1 ||     5
       Burn Spellbooks   |     1 |       |       ||     1
Evoke: Wand              |       |       |     1 ||     1
  Use: Scroll            |     5 |     1 |       ||     6
       Potion            |     1 |       |       ||     1
 Stab: Sleeping          |     1 |       |     1 ||     2
  Eat: Chunk             |    16 |     8 |     3 ||    27
Armor: Animal skin       |     5 |       |       ||     5
       Leather armour    |     6 |       |       ||     6
       Ring mail         |    10 |     2 |    25 ||    37
       Plate armour      |       |     4 |       ||     4
Dodge: Dodged            |    53 |    16 |    49 ||   118
